Map: Ascension to Aiur LE

Players

LiquidTLO (TLO) - Winner!

  • Race: Zerg Zerg
  • Spawn Location: 11:00

Harstem

  • Race: Protoss Protoss
  • Spawn Location: 5:00

Event: WCS Jonkoping 2017

VOD

Have the link to the VOD?

Description

Time

  • Played on: June 17, 2017, 11:38 a.m.
  • Length: 5:09

All games in this series

Show
View Real Time Build Order
Export as new Build Order

LiquidTLO Zerg - Winner!

Build Orders: 3 Hatch before Pool, Zergling Baneling 

Get SALT Encoding   

  12  0:00  Drone  
  13  0:12  Overlord  
  13  0:17  Drone  
  14  0:31  Drone x2  
  16  0:37  Drone  
  17  0:51  Hatchery  
  17  0:55  Drone  
  17  0:58  Drone  
  18  1:20  Hatchery  
  18  1:23  Drone  
  18  1:31  Extractor  
  18  1:32  Drone  
  18  1:41  Spawning Pool  
  18  1:43  Drone  
  18  1:46  Drone  
  19  1:51  Drone  
  20  2:03  Drone  
  20  2:04  Drone  
  22  2:14  Drone  
  23  2:18  Drone  
  24  2:27  Queen x2  
  28  2:33  Zergling x2, Metabolic Boost  
  29  2:40  Zergling x4  
  31  2:45  Drone  
  31  2:46  Drone  
  33  2:53  Baneling Nest  
  34  3:01  Overlord  
  34  3:07  Overlord  
  34  3:19  Overlord  
  34  3:21  Zergling x10  
  34  3:23  Zergling x6  
  40  3:31  Zergling x2  
  40  3:32  Zergling x4  
  43  3:35  Zergling x2  
  43  3:36  Baneling x4  
  43  3:37  Baneling  
  43  3:38  Zergling x2  
  45  3:42  Zergling x2  
  45  3:44  Zergling x2  
  45  3:46  Zergling x2  
  48  3:48  Baneling  
  48  3:50  Zergling x2  
  48  3:52  Zergling x2  
  50  4:06  Zergling x2  
  50  4:07  Zergling x2  
  50  4:08  Zergling x2  
  50  4:09  Zergling x2  
  49  4:10  Zergling x4  
  49  4:11  Zergling x4  
  49  4:12  Zergling x2  
  49  4:15  Zergling x2  
  51  4:18  Zergling x2  
  51  4:21  Zergling x2  
  51  4:23  Zergling x2  
  52  4:27  Zergling x2  
  52  4:28  Zergling x2  
  52  4:30  Zergling x2  
  53  4:32  Zergling x2  
  53  4:37  Zergling x2  
  54  4:39  Zergling x2  
  54  4:44  Zergling x2  
  54  4:45  Baneling  
  55  4:46  Zergling x2  
  55  4:47  Zergling x2  
  55  4:50  Baneling x2  
  56  4:54  Spore Crawler  
Show
View Real Time Build Order
Export as new Build Order

Harstem Protoss 

Build Orders: 1 Gate Expand, Dark Templar Rush 

Get SALT Encoding   

  12  0:00  Probe (Chrono Boost)  
  13  0:11  Probe (Chrono Boost)  
  14  0:19  Pylon  
  14  0:22  Probe (Chrono Boost)  
  15  0:37  Probe (Chrono Boost)  
  15  0:38  Gateway  
  16  0:48  Probe (Chrono Boost)  
  17  0:50  Assimilator  
  17  0:59  Probe (Chrono Boost)  
  18  1:09  Probe (Chrono Boost)  
  19  1:20  Probe (Chrono Boost)  
  19  1:25  Nexus  
  20  1:34  Cybernetics Core  
  20  1:37  Probe (Chrono Boost)  
  21  1:45  Assimilator  
  21  1:47  Probe (Chrono Boost)  
  21  1:51  Pylon  
  22  1:58  Probe (Chrono Boost)  
  23  2:09  Probe (Chrono Boost)  
  23  2:10  Adept (Chrono Boost)  
  23  2:11  Warp Gate  
  26  2:21  Probe  
  27  2:23  Twilight Council  
  27  2:33  Probe  
  27  2:34  Stalker (Chrono Boost)  
  27  2:36  Probe  
  31  2:45  Probe  
  31  2:47  Probe  
  33  2:58  Probe x2 (Chrono Boost), Robotics Facility  
  35  3:09  Probe (Chrono Boost)  
  35  3:10  Probe (Chrono Boost)  
  37  3:19  Gateway  
  38  3:20  Probe x2 (Chrono Boost)  
  38  3:24  Dark Shrine  
  39  3:30  Probe (Chrono Boost)  
  41  3:35  Pylon, Mothership Core (Chrono Boost)  
  41  3:41  Probe (Chrono Boost)  
  43  3:44  Warp Prism (Chrono Boost)  
  45  3:52  Probe (Chrono Boost)  
  46  3:57  Probe (Chrono Boost), Gateway  
  46  4:01  Gateway  
  47  4:04  Probe (Chrono Boost)  
  47  4:08  Probe (Chrono Boost)  
  47  4:14  Pylon  
  47  4:15  Adept  
  46  4:23  Zealot  
  44  4:25  Probe (Chrono Boost)  
  44  4:27  Probe (Chrono Boost)  
  33  4:54  Probe  
  33  4:55  Dark Templar x2  
Tags
 
Add a new tag
Caveats
  • Supply blocks, unpowered buildings, or Contaminate may cause inaccurate times.
  • Supply counts are checked every 10 seconds.